 Dungeon Crawl Stone Soup version 0.27.0-1-g7a089689b8 (webtiles) character file.

Game seed: 905119764511392635

2713 Sobieck the Thaumaturge (level 9, -6/70 HPs)
             Began as a Djinni Fire Elementalist on Aug 7, 2021.
             Was a Priest of Makhleb.
             Mangled by Joseph (9 damage)
             ... on level 7 of the Dungeon.
             The game lasted 00:14:52 (9094 turns).

Sobieck the Thaumaturge (Djinni Fire Elementalist)  Turns: 9094, Time: 00:14:52

Health: -6/70      AC: 11    Str:  7    XL:     9   Next: 98%
Gold:   291        EV: 10    Int: 20    God:    Makhleb [***...] SH:  0 Dex: 14

rFire    . . .     SeeInvis .   (weapon currently unavailable)
rCold    + + +     Faith    .   (shield currently unavailable)
rNeg     . . .     Spirit   .   (armour currently unavailable)
rPois    ∞         Reflect  .   (helmet currently unavailable)
rElec    .         Harm     .   (cloak currently unavailable)
rCorr    .         Rampage  .   (gloves currently unavailable)
Will     .....                  (boots unavailable)
Stlth    ++........             (no amulet)
HPRegen  0.21/turn              T - ring of protection from fire
MPRegen  0.00/turn              (no ring)

@: mighty, ice-form, flying
A: freezing attack, flying, boosted hp, sickness immunity, large, (fire
resistance 2), (cold vulnerability 1), float, innate caster, hp casting, extra
vitality 1
a: End Transformation, Renounce Religion, Minor Destruction, Lesser Servant of
Makhleb


You were on level 7 of the Dungeon.
You worshipped Makhleb.
Makhleb was most pleased with you.
You were a creature of crystalline ice.
You visited 1 branch of the dungeon, and saw 7 of its levels.
You also visited: Ossuary.

You collected 603 gold pieces.
You spent 312 gold pieces at shops.


Innate Abilities, Weirdness & Mutations

You are a creature of crystalline ice.
You have a powerful freezing melee attack.
You are flying.
Your maximum health is increased.
Your armour is entirely melded.
You are incapable of wielding weapons or throwing items.
You are immune to sickness and miasma.
You are immune to poison.
((Your flesh is very heat resistant. (rF++)))
((You are vulnerable to cold. (rC-)))
You float through the air rather than walking.
You learn spells naturally, not from books.
Your magical power is your life essence.
You have superior vitality. (+4 HP)


   Skills:
 + Level 2.9 Fighting
 - Level 2.1 Dodging
 - Level 1.5 Stealth
 - Level 10.0 Spellcasting


You had 2 spell levels left.
You knew the following spells:

 Your Spells              Type           Power      Damage    Failure   Level
a - Foxfire               Conj/Fire      100%       2x1d9     1%          1
b - Conjure Flame         Conj/Fire      50%        6-21      1%          3
c - Inner Flame           Hex/Fire       50%        N/A       1%          3
d - Sticky Flame          Conj/Fire      50%        2d7       1%          4
e - Fireball              Conj/Fire      25%        3d11      3%          5
f - Animate Skeleton      Necr           100%       N/A       1%          1
g - Ensorcelled Hibernat  Hex/Ice        100%       N/A       1%          2
h - Frozen Ramparts       Ice            100%       1d12      1%          3
i - Ice Form              Ice/Tmut       50%        N/A       1%          4
Your spell library was empty.

Inventory:

Hand Weapons
 d - a +0 whip (melded) {mace}
   (You took it off a kobold on level 1 of the Dungeon)
 F - a +1 halberd of distortion {!wpolearm}
   (You took it off a gnoll on level 5 of the Dungeon)
 H - a +2 antimagic halberd {polearm}
   (You took it off an orc warrior on level 6 of the Dungeon)
 N - a +2 trident of venom {polearm}
   (You took it off an orc warrior on level 6 of the Dungeon)
 Q - a +2 short sword of protection {short}
   (You took it off a kobold on level 7 of the Dungeon)
Missiles
 b - 179 stones {throwing}
 g - 102 arrows
 h - 79 sling bullets
 n - 15 boomerangs {throwing}
 u - 40 bolts
 G - 37 poisoned darts {throwing}
 L - 4 curare-tipped darts {=fthrowing}
Armour
 a - a +0 robe (melded)
 i - a +0 cloak (melded)
   (You found it on level 3 of the Dungeon)
 A - a +0 helmet of intelligence (melded)
   (You bought it in a shop on level 5 of the Dungeon)
 M - a +1 chain mail of positive energy
   (You took it off a kobold on level 6 of the Dungeon)
 O - a +0 pair of gloves (melded)
   (You found it on level 7 of the Dungeon)
Magical Staves
 e - a staff of death {!astaff}
   (You found it on level 1 of the Dungeon)
Jewellery
 T - a ring of protection from fire (left front paw)
   (You found it on level 7 of the Dungeon)
Wands
 o - a wand of flame (30)
   (You found it on level 4 of the Dungeon)
 y - a wand of polymorph (5)
   (You found it on level 4 of the Dungeon)
 I - a wand of digging (6)
   (You found it on level 6 of the Dungeon)
Scrolls
 f - a scroll of immolation {!r!r}
 l - a scroll of summoning
 m - 2 scrolls of fear
 w - a scroll of silence {unknown}
 z - 3 scrolls of teleportation {unknown}
 C - a scroll of enchant armour {unknown}
 D - 3 scrolls of identify {@r1}
 E - a scroll of noise {unknown}
 J - a scroll of torment {unknown}
 K - a scroll of magic mapping {!r}
 P - a scroll of amnesia {unknown}
 R - 2 scrolls of blinking {!r}
Potions
 c - 2 potions of might
 j - a potion of brilliance {unknown}
 k - 2 potions of haste {unknown}
 p - a potion of cancellation {unknown}
 q - a potion of magic {unknown}
 r - a potion of ambrosia {unknown}
 s - 3 potions of lignification {!q}
 t - 3 potions of curing {@q1}
 v - a potion of invisibility
 x - a potion of degeneration {unknown}
 B - a potion of attraction {unknown}
 S - a potion of flight {unknown}

Dungeon Overview and Level Annotations

Branches:
Dungeon (7/15)             Temple (0/1) D:5         Ossuary (visited)

Altars:
Gozag
Makhleb
Uskayaw
Vehumet
Xom

Shops:
D:5 *

Annotations:
D:1 1 runed translucent door
D:7 Joseph

#### .... #..#### . ###
#.@Y.## #### .. ...
####..##....#
...###.#########..#....#
............<...###......#
.......###...............#
...........###..#####....#
................# ....#
...............## ...#
............#### ####


You could see Joseph.


Message History

Casting: Foxfire (safe; 1% risk of failure)
Confirm with . or Enter, or press ? or * to list all spells.
You conjure some foxfire!
Unknown command.
P - a scroll labelled JODURU SEPH You now have 264 gold pieces (gained 18).
Q - a +2 short sword of protection {short}
b - 143 stones {throwing} (gained 1)
You see here a kobold corpse.
Unknown command.
b - 151 stones {throwing} (gained 8)
Items here: )) ††.
G - 25 poisoned darts {throwing} (gained 7)
You see here a +0 club {mace}.
Unknown command.
b - 156 stones {throwing} (gained 5)
You see here a +0 club {mace}.
b - 159 stones {throwing} (gained 3)
You see here a +0 dagger {short}.
n - 15 boomerangs {throwing} (gained 4)
h - 79 sling bullets (gained 14)
A hound comes into view.
Danger!
You conjure some foxfire!
You conjure some foxfire!
You conjure some foxfire!
The hound barks!
The foxfire hits the hound.
The foxfire hits the hound!
You conjure some foxfire!
You conjure some foxfire!
The foxfire hits the hound. x2
You kill the hound!
Makhleb accepts your kill.
R - a scroll of blinking {!r}
Found a stone staircase leading down.
Unknown command.
You now have 282 gold pieces (gained 18).
You now have 291 gold pieces (gained 9).
Found a stone staircase leading up.
Unknown command.
G - 37 poisoned darts {throwing} (gained 12)
b - 179 stones {throwing} (gained 20)
Found a stone staircase leading up.
S - a black potion Unknown command.
R - 2 scrolls of blinking {!r} (gained 1)
T - a ring of protection from fire
T - a ring of protection from fire (left hand) Joseph, a Mercenary comes into view.
He is wielding a +0 quarterstaff.
Danger!
Casting: Foxfire (safe; 1% risk of failure)
Confirm with . or Enter, or press ? or * to list all spells.
Aiming: Fireball (dangerous; 2% risk of failure)
Press: ? - help, Shift-Dir - straight line, f - Joseph
Aim: Joseph, wielding a +0 quarterstaff, wearing a +0 leather armour and quivering sling bullets (asleep)
The fireball explodes!
The fireball engulfs Joseph!
Joseph shouts!
Joseph unwields a +0 quarterstaff.
Joseph wields a +0 hunting sling.
Joseph shoots a sling bullet.
The sling bullet hits you!
Unknown command.
Casting: Fireball (dangerous; 2% risk of failure)
Confirm with . or Enter, or press ? or * to list all spells.
Aiming: Fireball (dangerous; 2% risk of failure)
Press: ? - help, Shift-Dir - straight line, f/p - Joseph
Aim: Joseph, wielding a +0 hunting sling, wearing a +0 leather armour and quivering sling bullets (lightly wounded)
The fireball explodes!
The fireball engulfs Joseph!
Joseph shoots a sling bullet.
The sling bullet hits you!
* * * LOW HITPOINT WARNING * * *
Unknown command.
Casting: Fireball (dangerous; 2% risk of failure)
Confirm with . or Enter, or press ? or * to list all spells.
Aiming: Fireball (dangerous; 2% risk of failure)
Press: ? - help, Shift-Dir - straight line, f/p - Joseph
Aim: Joseph, wielding a +0 hunting sling, wearing a +0 leather armour and quivering sling bullets (moderately wounded)
The fireball explodes!
The fireball engulfs Joseph!
* * * LOW HITPOINT WARNING * * *
Joseph shouts, "Intruder!"
Joseph shoots a sling bullet.
The sling bullet barely misses you.
Unknown command.
Casting: Fireball (dangerous; 2% risk of failure)
Confirm with . or Enter, or press ? or * to list all spells.
You turn into a creature of crystalline ice.
Your +0 whip {mace} melds into your body.
Your +0 cloak melds into your body.
Your +0 helmet of intelligence melds into your body.
Your +0 pair of gloves melds into your body.
Your +0 robe melds into your body.
You feel stupid.
* * * LOW HITPOINT WARNING * * *
Joseph shoots a sling bullet.
The sling bullet barely misses you.
Joseph unwields a +0 hunting sling.
Joseph wields a +0 quarterstaff.
Joseph hits you with a +0 quarterstaff!
* * * LOW HITPOINT WARNING * * *
You punch Joseph! You freeze Joseph. Joseph hits you with a +0 quarterstaff.
* * * LOW HITPOINT WARNING * * *
You hit Joseph. You freeze Joseph. Joseph hits you with a +0 quarterstaff.
* * * LOW HITPOINT WARNING * * *
You feel very mighty all of a sudden.
Joseph shouts, "I love to fight!
I love killing!"
Joseph hits you with a +0 quarterstaff!
You die...

Skill      XL: |  1  2  3  4  5  6  7  8  9 |
---------------+----------------------------+-----
Spellcasting   | 3 4 5 6 8 10 | 10.0
Fighting       | 2 |  2.9
Dodging        | |  2.1
Stealth        | |  1.5

Action                   |  1- 3 |  4- 6 |  7- 9 || total
-------------------------+-------+-------+-------++-------
Melee: Whip              |     1 |       |    10 ||    11
       Unarmed           |       |       |    26 ||    26
 Cast: Foxfire           |    62 |   145 |   255 ||   462
       Frozen Ramparts   |       |       |     7 ||     7
       Fireball          |       |       |    11 ||    11
       Sticky Flame      |       |       |     5 ||     5
       Ice Form          |       |       |     2 ||     2
  Use: Scroll            |       |     9 |       ||     9
       Potion            |       |       |     1 ||     1
Armor: Robe              |       |     1 |    13 ||    14
       Skin              |       |       |    12 ||    12
Dodge: Dodged            |    12 |     4 |    32 ||    48

Levels and vault maps discovered:
D:1:      dpeg_arrival_caged_fury, layout_basic, nrook_mini_vaults,
          glass_columns_a, minmay_tetromino_i4
D:2:      layout_basic, shapermc_ecumenical_altar_mp_ritualfount, st_stairs_12
D:3:      layout_loops_ring, bloody_makhleb, lemuel_round_altar
D:4:      layout_cave_pods, gammafunk_temple_overflow_pools, enter_ossuary_4
D:5:      layout_cave_pods, minmay_temple_entry_proselytizer, serial_shops,
          nicolae_shop_statue_plus, gup_sewer_entry_spiral
D:6:      cheibrodos_thug_alley, layout_loops_ring, feat_on_display,
          uniq_blork_the_orc, uniq_menkaure, uniq_sigmund
D:7:      layout_rooms, xom_teletrap_fun, kennysheep_generic_room_10,
          uniq_joseph

Notes
Turn   | Place    | Note
-------+----------+-------------------------------------------
     0 | D:1      | Sobieck the Djinni Fire Elementalist began the quest for
                  | the Orb.
     0 | D:1      | Reached XP level 1. HP: 15/15 MP: 0/0
     0 | D:1      | Noticed a jelly
     0 | D:1      | Noticed a jelly
     1 | D:1      | Found a runed translucent door.
     2 | D:1      | Noticed a jelly
   276 | D:1      | Reached XP level 2. HP: 16/21 MP: 0/0
   358 | D:1      | You are sucked into a shaft and drop 1 floor!
   568 | D:2      | Reached skill level 3 in Spellcasting
   568 | D:2      | Reached XP level 3. HP: 18/25 MP: 0/0
   568 | D:2      | Learned a level 1 spell: Animate Skeleton
   899 | D:2      | Found a faded altar of an unknown god.
  1812 | D:3      | Reached XP level 4. HP: 7/31 MP: 0/0
  2122 | D:3      | Found a burning altar of Makhleb.
  2136 | D:3      | Became a worshipper of Makhleb the Destroyer
  2203 | D:3      | Reached skill level 4 in Spellcasting
  2281 | D:3      | Reached XP level 5. HP: 31/35 MP: 0/0
  2281 | D:3      | Learned a level 2 spell: Ensorcelled Hibernation
  2947 | D:4      | Found a sand-covered staircase.
  2960 | Ossuary  | Entered an ossuary
  3220 | Ossuary  | Reached XP level 6. HP: 33/40 MP: 0/0
  3290 | Ossuary  | Reached skill level 5 in Spellcasting
  3719 | D:4      | Reached * piety under Makhleb
  4077 | D:4      | Reached XP level 7. HP: 34/45 MP: 0/0
  4077 | D:4      | Learned a level 3 spell: Frozen Ramparts
  4667 | D:4      | Found an opulent altar of Gozag.
  4667 | D:4      | Found a hide-covered altar of Uskayaw.
  4755 | D:4      | Reached skill level 6 in Spellcasting
  4864 | D:5      | Entered Level 5 of the Dungeon
  4996 | D:5      | Found Qaruod's Assorted Antiques.
  5004 | D:5      | Bought a thick peridot amulet for 125 gold pieces
  5004 | D:5      | Bought a runed helmet for 187 gold pieces
  5037 | D:5      | Found a staircase to the Ecumenical Temple.
  5044 | D:5      | Reached XP level 8. HP: 44/50 MP: 0/0
  5311 | D:5      | Reached skill level 7 in Spellcasting
  5407 | D:5      | HP: 10/50 [gnoll (13)]
  5438 | D:5      | HP: 2/50 [gnoll (12)]
  6200 | D:5      | Reached ** piety under Makhleb
  6677 | D:6      | Reached skill level 8 in Spellcasting
  6895 | D:6      | Noticed Sigmund
  6899 | D:6      | Killed Sigmund
  7187 | D:6      | Reached XP level 9. HP: 52/55 MP: 0/0
  7187 | D:6      | Learned a level 4 spell: Ice Form
  7458 | D:6      | Reached skill level 9 in Spellcasting
  7823 | D:6      | Noticed Blork the orc
  7828 | D:6      | Killed Blork the orc
  8268 | D:6      | Noticed Menkaure
  8269 | D:6      | Killed Menkaure
  8684 | D:7      | Found a shimmering altar of Xom.
  8774 | D:7      | Reached *** piety under Makhleb
  8775 | D:7      | Reached skill level 10 in Spellcasting
  8778 | D:7      | Reached skill level 1 in Fighting
  8786 | D:7      | Reached skill level 2 in Fighting
  9085 | D:7      | Noticed Joseph
  9091 | D:7      | HP: 12/70 [Joseph (7)]
  9093 | D:7      | HP: 3/70 [Joseph (5)]
  9094 | D:7      | Mangled by Joseph

Vanquished Creatures
  Sigmund (D:6)
  Menkaure (D:6)
  2 orc warriors (D:6)
  A black bear (D:7)
  An ice beast (D:6)
  3 ogres
  5 phantoms
  3 kobold brigands
  Blork the orc (D:6)
  3 scorpions
  A water moccasin skeleton (D:6)
  A centaur zombie (D:5)
  A bullfrog zombie (D:6)
  5 orc priests
  A bullfrog skeleton (D:6)
  2 hounds (D:7)
  A gnoll shaman (D:4)
  An iguana (D:6)
  2 centaur skeletons
  An orc wizard (D:3)
  8 mummies (Ossuary)
  2 hound skeletons
  A howler monkey zombie (D:7)
  5 adders
  16 gnolls
  A howler monkey skeleton (D:6)
  2 river rats (D:5)
  A shadow imp (D:5)
  2 dart slugs
  19 orcs
  3 ball pythons
  6 endoplasms
  4 giant cockroaches
  7 goblins
  5 hobgoblins
  4 quokkas
  4 bats
  A frilled lizard (D:1)
  3 hobgoblin zombies (Ossuary)
  23 kobolds
  2 kobold zombies (Ossuary)
  3 orc zombies (Ossuary)
  6 rats
  A rat zombie (D:4)
166 creatures vanquished.

Vanquished Creatures (collateral kills)
  A rat zombie (D:4)
  5 foxfires (D:2)
6 creatures vanquished.

Vanquished Creatures (others)
  768 foxfires
768 creatures vanquished.

Grand Total: 940 creatures vanquished

Table legend:
 A = Non-vault XP
 B = Vault XP
 C = Vault XP percentage of total XP
 D = Non-vault monster count
 E = Vault monster count
 F = Vault count percentage of total count
                 A         B        C        D         E       F
            +---------+---------+-------+---------+---------+-------
      Total |    3017 |     859 |  22.2 |     127 |      40 |  24.0
            +---------+---------+-------+---------+---------+-------
        D:1 |      10 |       0 |   0.0 |       7 |       0 |   0.0
        D:2 |      27 |       4 |  12.9 |       9 |       1 |  10.0
        D:3 |     172 |       0 |   0.0 |      23 |       0 |   0.0
        D:4 |     351 |       2 |   0.6 |      23 |       2 |   8.0
        D:5 |     733 |      99 |  11.9 |      19 |       9 |  32.1
        D:6 |    1235 |     601 |  32.7 |      31 |      12 |  27.9
        D:7 |     489 |       0 |   0.0 |      15 |       0 |   0.0
    Ossuary |       0 |     153 | 100.0 |       0 |      16 | 100.0
            +---------+---------+-------+---------+---------+-------

Illustrated notes

Table legend:
 A = Kills in this place as a percentage of kills in entire the game.
 B = Kills by you in this place as a percentage of kills by you in the entire game.
 C = Kills by friends in this place as a percentage of kills by friends in the entire game.
 D = Other kills in this place as a percentage of other kills in the entire game.
 E = Experience gained in this place as a percentage of experience gained in the entire game.
 F = Experience gained in this place divided by the number of levels of this place that you have seen.
                   A       B       C       D       E      F
               +-------+-------+-------+-------+-------+----------------------
         Total | 100.0 | 100.0 | 100.0 |   N/A | 100.0 | 484.5
       Dungeon |  90.4 |  90.4 | 100.0 |   N/A |  96.1 | 531.9
       Ossuary |   9.6 |   9.6 |   0.0 |   N/A |   3.9 | 153.0
               +-------+-------+-------+-------+-------+----------------------

Table legend: (Time is in decaauts)
 A = Elapsed time spent in this place.
 B = Non-inter-level travel time spent in this place.
 C = Inter-level travel time spent in this place.
 D = Time resting spent in this place.
 E = Time spent auto-exploring this place.
 F = Levels seen in this place.
 G = Mean time per level.
                   A        B        C        D        E       F      G
               +--------+--------+--------+--------+--------+-----+--------+
         Total |   9096 |   8936 |    160 |   1577 |   6170 |   8 | 1137.0 |
       Dungeon |   8522 |   8362 |    160 |   1254 |   6027 |   7 | 1217.4 |
       Ossuary |    574 |    574 |      0 |    323 |    143 |   1 |  574.0 |
               +--------+--------+--------+--------+--------+-----+--------+

Top non-repeatable levels by time:
     D:6: 1955 daAuts
     D:4: 1673 daAuts
     D:5: 1560 daAuts
     D:2: 1297 daAuts
     D:3: 1262 daAuts
 Ossuary: 574 daAuts
     D:7: 414 daAuts
     D:1: 357 daAuts
